 Dungeon Crawl Stone Soup version 0.31-a0-968-g24f9ace8b5 (webtiles) character file.

Game seed: 2946099386699914552

10275 Gargoyl the Cleaver (level 11, -3/71 HPs)
             Began as a Gargoyle Berserker on Oct 27, 2023.
             Was an Elder of Trog.
             Slain by Snorg (11 damage)
             ... on level 10 of the Dungeon.
             The game lasted 00:13:30 (10523 turns).

Gargoyl the Cleaver (Gargoyle Berserker)           Turns: 10523, Time: 00:13:31

Health: -3/71      AC: 30    Str: 20    XL:     11   Next: 59%
Magic:  11/11      EV:  7    Int:  9    God:    Trog [****..]
Gold:   642        SH:  4    Dex: 13    Spells: 10/10 levels left

rFire   . . .        j - +2 hand axe (flame)
rCold   . . .        E - +0 buckler
rNeg    + . .        A - +0 plate armour
rPois   ∞            o - +0 helmet
rElec   +            l - +1 cloak
rCorr   .            f - +2 pair of gloves
SInv    .            (no boots)
Will    ++...        B - amulet of the acrobat Stlth
                     (no ring)
HPRegen 1.31/turn    (no ring)
MPRegen 0.12/turn

%: acrobat
@: strong-willed, on berserk cooldown, regenerating, slowed, studying Dodging,
very slow
A: sickness immunity, AC +8, negative energy resistance 1, electricity
resistance, torment resistance 1, petrification resistance
a: Renounce Religion, Berserk, Trog's Hand, Brothers in Arms


You were on level 10 of the Dungeon.
You worshipped Trog.
Trog was greatly pleased with you.
You visited 1 branch of the dungeon, and saw 10 of its levels.
You also visited: Sewer and Bailey.

You collected 642 gold pieces.

Inventory:

Hand Weapons
 j - a +2 hand axe of flaming (weapon)
 x - a +2 trident of draining
 y - a +5 scimitar
 z - a +0 broad axe
Missiles
 p - 11 curare-tipped darts (quivered)
 D - 20 poisoned darts
 F - 3 throwing nets
Armour
 f - a +2 pair of gloves (worn)
 l - a +1 cloak (worn)
 o - a +0 helmet (worn)
 A - a +0 plate armour (worn)
 E - a +0 buckler (worn)
Jewellery
 B - an amulet of the acrobat (around neck)
Wands
 k - a wand of digging (16)
 m - a wand of flame (98)
 u - a wand of charming (5)
Scrolls
 a - a scroll of fog
 h - 5 scrolls of identify
 t - a scroll of enchant weapon
 v - a scroll of immolation
 C - 2 scrolls of teleportation
Potions
 b - 2 potions of haste {unknown}
 c - 5 potions of curing {unknown}
 d - a potion of berserk rage
 e - 4 potions of heal wounds
 g - 4 potions of attraction {unknown}
 i - a potion of lignification {unknown}
 n - 4 potions of enlightenment
 q - a potion of mutation {unknown}
 r - 2 potions of invisibility {unknown}
 s - 3 potions of degeneration {unknown}
 w - a potion of might {unknown}


   Skills:
 + Level 9.5 Fighting
 + Level 11.8 Axes
 + Level 10.3 Armour
 + Level 3.6 Dodging
 + Level 1.5 Stealth
 + Level 1.0 Shields
 + Level 0.2 Evocations


You had 10 spell levels left.
You didn't know any spells.
Your spell library was empty.

Dungeon Overview and Level Annotations

Branches:
Dungeon (10/15)            Temple (0/1) D:4             Orc (0/2) D:9
  Sewer (visited)          Bailey (visited)
   Lair: D:8-11

Altars:
Elyvilon
Fedhas
Hepliaklqana
Makhleb
Trog
Wu Jian
Yredelemnul

Shops:
D:8 ?

Annotations:
D:10 Erica, Snorg


Innate Abilities, Weirdness & Mutations

You are immune to sickness and miasma.
Your stone body is resilient. (AC +8)
You are immune to poison.
You resist negative energy. (rN+)
You are resistant to electric shocks. (rElec)
You are resistant to unholy torment.
You are immune to petrification.


Message History

You hear some strange, mumbled words.
You are confused.
You hit something. You burn something.
You hear some strange, mumbled words.
You feel yourself slow down. Something barely misses you.
You feel a strong urge to attack something.
Something barely misses you.
A malevolent force fills the Dungeon... and a teleportation trap spontaneously manifests!
You are yanked towards a nearby monster!
Your surroundings suddenly seem different.
Snorg the Insatiable comes into view.
Found a stone staircase leading up and a stone staircase leading down.
You are no longer berserk.
You are exhausted.
You feel as though you will be slow longer.
Snorg shouts!
You are too confused!
Snorg goes berserk!
You bump into the stone wall.
You feel less confused. Snorg closely misses you. Snorg barely misses you.
Snorg misses you.
Your skin crawls.
You feel strong-willed. You block Snorg's attack. Snorg barely misses you.
Snorg claws you! Snorg closely misses you. Snorg claws you but does no damage.
Snorg barely misses you.
You fail to use your ability.
Snorg bites you but does no damage. Snorg claws you.
Snorg claws you but does no damage. Snorg bites you.
Snorg claws you but does no damage. You block Snorg's attack.
Snorg bites you but does no damage. Snorg closely misses you.
Snorg claws you but does no damage. Snorg barely misses you.
Snorg closely misses you. Snorg misses you.
Your two-headed ogre goes berserk!
Snorg bites you but does no damage. Snorg claws you! x2; Snorg bites you!!
* * * LOW HITPOINT WARNING * * *
Snorg claws you.
* * * LOW HITPOINT WARNING * * *
Snorg claws you!
You die...

## . . .... #. #.
.≈≈......... #.. .##
.≈≈..........#.# ..#
.≈≈.....##..#..##.#
_≈≈.....##..##..@O#
≈≈≈.....##....##T#..#
≈≈............#.## .#
........##<.....# .#
.##.....##.....## #
........##.....#
....{...#......#
.##.....#......+
#.....#....>.#


You could see Snorg (berserk, ally target) and a friendly two-headed ogre
(summoned, berserk).

Vanquished Creatures
  2 two-headed ogres
  An orc knight (Bailey)
  Pikel (D:8)
  An ugly thing (D:6)
  Maggie (D:8)
  Jeremiah (D:6)
  A troll (D:9)
  Grinder (D:3)
  Prince Ribbit (D:5)
  Sigmund (D:4)
  5 yaks (D:10)
  2 steam dragons (D:9)
  Eustachio (D:6)
  A wyvern (D:7)
  Duvessa (D:4)
  2 water moccasins
  10 orc warriors
  An ice beast (D:7)
  An ogre (D:6)
  2 sky beasts (D:6)
  3 centaurs
  2 phantoms
  Blork the orc (D:4)
  7 kobold brigands
  A lemure (D:8)
  2 bullfrogs
  A necrophage (D:8)
  2 gnoll sergeants (D:9)
  16 wights
  Dowan (D:4)
  10 killer bees
  An electric eel (D:9)
  5 howler monkeys
  2 hounds
  2 jellies
  7 orc priests
  Crazy Yiuf (D:6)
  A sleepcap (D:6)
  Ijyb (D:3)
  2 iguanas
  8 orc wizards
  A hound skeleton (D:8)
  Robin (D:3)
  7 gnolls
  7 adders
  A river rat (Sewer)
  A white imp (D:7)
  7 worms
  2 dart slugs
  29 orcs
  7 bats
  4 endoplasms
  6 giant cockroaches
  22 goblins
  13 hobgoblins
  3 jackals (D:5)
  35 kobolds
  5 quokkas
  11 ball pythons
  3 frilled lizards
  5 rats
283 creatures vanquished.

Vanquished Creatures (collateral kills)
  An orc (Bailey)
  2 hobgoblins (Bailey)
3 creatures vanquished.

Vanquished Creatures (others)
  3 kobolds (D:9)
3 creatures vanquished.

Grand Total: 289 creatures vanquished

Notes
Turn   | Place    | Note
-------+----------+-------------------------------------------
     0 | D:1      | Gargoyl the Gargoyle Berserker began the quest for the Orb.
     0 | D:1      | Reached XP level 1. HP: 14/14 MP: 1/1
   279 | D:1      | Reached XP level 2. HP: 18/19 MP: 2/2
   596 | D:1      | Reached skill level 3 in Axes
   605 | D:1      | Found a faded altar of an unknown god.
   931 | D:2      | Reached XP level 3. HP: 23/24 MP: 3/3
   954 | D:2      | Reached ** piety under Trog
  1975 | D:3      | Found a blossoming altar of Fedhas.
  1994 | D:3      | Reached XP level 4. HP: 21/29 MP: 4/4
  2041 | D:3      | Noticed Grinder
  2042 | D:3      | Noticed Ijyb
  2046 | D:3      | Paralysed by Grinder for 3 turns
  2054 | D:3      | Killed Ijyb
  2060 | D:3      | Killed Grinder
  2061 | D:3      | Reached skill level 4 in Axes
  2061 | D:3      | Reached XP level 5. HP: 21/33 MP: 5/5
  2061 | D:3      | Reached XP level 6. HP: 24/38 MP: 6/6
  2261 | D:3      | Found an ornate altar of the Wu Jian Council.
  2712 | D:3      | Noticed Robin
  2728 | D:3      | Killed Robin
  2836 | D:4      | Found a glowing drain.
  2840 | Sewer    | Entered a sewer
  2878 | Sewer    | Reached skill level 5 in Axes
  2965 | Sewer    | Reached XP level 7. HP: 32/44 MP: 7/7
  3156 | Sewer    | Reached *** piety under Trog
  3304 | Sewer    | Reached skill level 6 in Axes
  3891 | D:4      | Reached skill level 1 in Stealth
  3891 | D:4      | Reached XP level 8. HP: 48/48 MP: 8/8
  4064 | D:4      | Noticed Blork the orc
  4081 | D:4      | Killed Blork the orc
  4082 | D:4      | Reached skill level 5 in Armour
  4206 | D:4      | Noticed Sigmund
  4207 | D:4      | Noticed Dowan
  4209 | D:4      | Noticed Duvessa
  4215 | D:4      | Killed Sigmund
  4216 | D:4      | Reached skill level 5 in Fighting
  4223 | D:4      | Killed Dowan
  4224 | D:4      | Reached skill level 7 in Axes
  4224 | D:4      | Killed Duvessa
  4697 | D:4      | Found a staircase to the Ecumenical Temple.
  5036 | D:5      | Entered Level 5 of the Dungeon
  5219 | D:5      | Noticed Prince Ribbit
  5233 | D:5      | Killed Prince Ribbit
  5584 | D:5      | You fall into a shaft and drop 1 floor!
  5614 | D:6      | Found a white marble altar of Elyvilon.
  5675 | D:6      | Reached XP level 9. HP: 52/55 MP: 9/9
  5702 | D:6      | Reached skill level 8 in Axes
  5767 | D:6      | Noticed a two-headed ogre
  5769 | D:6      | Noticed Eustachio
  5773 | D:6      | Noticed a brown ugly thing
  5779 | D:6      | Killed a two-headed ogre
  5786 | D:6      | Killed a brown ugly thing
  5787 | D:6      | Reached skill level 9 in Axes
  5789 | D:6      | Killed Eustachio
  5829 | D:6      | Reached XP level 10. HP: 53/63 MP: 10/10
  6057 | D:6      | Noticed Jeremiah
  6073 | D:6      | Killed Jeremiah
  6342 | D:6      | Found a runed translucent door.
  6343 | D:6      | Noticed Crazy Yiuf
  6354 | D:6      | Killed Crazy Yiuf
  6447 | D:7      | Found a flagged portal.
  6458 | Bailey   | Entered a bailey
  6509 | Bailey   | Noticed an orc knight
  6536 | Bailey   | Reached skill level 10 in Axes
  6668 | Bailey   | Identified the +9 great sword of Disharmony {freeze, +Blink
                  | rElec Int+6 Dex-3}
  6719 | Bailey   | Killed an orc knight
  7161 | D:7      | Found a bloodstained altar of Trog.
  7591 | D:7      | Reached **** piety under Trog
  7933 | D:8      | Found Imuetagg's Magic Scroll Shop.
  7962 | D:8      | Noticed a two-headed ogre
  7977 | D:8      | Killed a two-headed ogre
  8129 | D:8      | Noticed Pikel
  8174 | D:8      | Killed Pikel
  8175 | D:8      | Reached skill level 11 in Axes
  8175 | D:8      | Reached XP level 11. HP: 69/69 MP: 11/11
  8685 | D:8      | Noticed Maggie
  8700 | D:8      | Killed Maggie
  8796 | D:8      | Found a burning altar of Makhleb.
  9446 | D:9      | Reached skill level 10 in Armour
  9863 | D:9      | Found a staircase to the Orcish Mines.
 10174 | D:9      | Found a hazy altar of Hepliaklqana.
 10442 | D:10     | Entered Level 10 of the Dungeon
 10454 | D:10     | Reached skill level 1 in Shields
 10502 | D:10     | Noticed Erica
 10505 | D:10     | Found a basalt altar of Yredelemnul.
 10515 | D:10     | Noticed Snorg
 10523 | D:10     | Slain by Snorg

Illustrated notes

Levels and vault maps discovered:
D:1:      dpeg_arrival_arbitrary_a, layout_basic,
          hellmonk_ecumenical_altar_defaced_shrine, serial_rivers,
          chequers_serial_rivers_micro_a, chequers_serial_rivers_room_b,
          chequers_serial_rivers_large_a, chequers_serial_rivers_small_3,
          chequers_serial_rivers_micro_b
D:2:      layout_loops_corners, grunt_ministairs_11, minivault_14,
          minmay_hexomino_u4
D:3:      layout_loops_cross, nzn_wu_jian_council_hall,
          mainiacjoe_overflow_six_doors_small, uniq_grinder, uniq_robin,
          uniq_ijyb
D:4:      layout_layer_cave, minmay_temple_entry_enclosed_plants,
          mainiacjoe_sewer_entry_somewhere_in_here_2, uniq_duvessa,
          uniq_blork_the_orc, uniq_sigmund
D:5:      layout_loops_corners, uniq_prince_ribbit1
D:6:      layout_cave_pools, nicolae_overflow_crystal_walls, hex_tiny,
          minmay_manual_moon, uniq_eustachio, uniq_crazy_yiuf_cottage,
          uniq_jeremiah
D:7:      layout_basic, bloody_trog, enter_bailey_3
D:8:      layout_basic, makhleb_blood_cavern_becter, serial_shops,
          nicolae_shop_tiny_glass, uniq_pikel, uniq_maggie
D:9:      layout_basic, nicolae_hepliaklqana_hazy_memory, david_orc_4
D:10:     layout_gridville, mainiacjoe_overflow_catwalk,
          nicolae_twisting_strands, nicolae_eternal_life, ldierk_geyser,
          uniq_erica, uniq_snorg

Skill      XL: |  1  2  3  4  5  6  7  8  9 10 11 |
---------------+----------------------------------+-----
Axes           | 3 4 5 6 7 9 11 | 11.8
Dodging        | 2 3 |  3.6
Fighting       | 4 5 7 8 9 |  9.5
Armour         | 3 4 6 7 9 10 | 10.3
Stealth        | 1 |  1.5
Shields        | 1 |  1.0
Evocations     | |  0.2

Action                     |  1- 3 |  4- 6 |  7- 9 | 10-12 || total
---------------------------+-------+-------+-------+-------++-------
  Melee: Hand axe          |   128 |   142 |   314 |   588 ||  1172
         Punch             |       |     2 |     1 |     6 ||     9
 Invoke: Berserk           |     1 |     2 |     6 |    13 ||    22
         Trog's Hand       |       |       |     2 |     9 ||    11
         Brothers in Arms  |       |       |       |     1 ||     1
  Evoke: Wand              |       |       |       |     2 ||     2
    Use: Scroll            |     6 |     1 |     4 |     6 ||    17
         Potion            |       |       |       |     1 ||     1
 Armour: Animal skin       |    27 |       |       |       ||    27
         Ring mail         |    65 |    14 |       |       ||    79
         Chain mail        |       |   103 |   210 |   149 ||   462
         Plate armour      |       |       |       |   335 ||   335
  Dodge: Dodged            |    92 |    50 |   119 |   220 ||   481
  Block: Buckler           |       |       |       |    44 ||    44

Table legend: (Time is in decaauts)
 A = Elapsed time spent in this place.
 B = Non-inter-level travel time spent in this place.
 C = Inter-level travel time spent in this place.
 D = Time resting spent in this place.
 E = Time spent auto-exploring this place.
 F = Levels seen in this place.
 G = Mean time per level.
                   A        B        C        D        E       F      G
               +--------+--------+--------+--------+--------+-----+--------+
         Total |  10778 |  10568 |    210 |    234 |   7689 |  12 |  898.2 |
       Dungeon |   9267 |   9057 |    210 |    211 |   6874 |  10 |  926.7 |
         Sewer |    961 |    961 |      0 |      0 |    598 |   1 |  961.0 |
        Bailey |    548 |    548 |      0 |     23 |    216 |   1 |  548.0 |
               +--------+--------+--------+--------+--------+-----+--------+

Top non-repeatable levels by time:
     D:4: 1511 daAuts
     D:9: 1446 daAuts
     D:2: 1140 daAuts
     D:8: 1056 daAuts
   Sewer: 961 daAuts
     D:7: 955 daAuts
     D:3: 875 daAuts
     D:6: 826 daAuts
     D:1: 814 daAuts
     D:5: 555 daAuts
  Bailey: 548 daAuts
    D:10: 85 daAuts
